 Dungeon Crawl Stone Soup version 0.24.1-14-gf8d2b509d9 (webtiles) character file.

Game seed: 18176750615579961844, levelgen mode: deterministic

179 Peloso the Slasher (level 5, -3/32 HPs)
             Began as a Vampire Fighter on May 31, 2020.
             Was an Initiate of Okawaru.
             Slain by a scorpion (4 damage)
             ... on level 4 of the Dungeon.
             The game lasted 00:06:18 (2805 turns).

Peloso the Slasher (Vampire Fighter)                Turns: 2805, Time: 00:06:18

Health: -3/32      AC:  7    Str: 14 (16) XL:     5   Next: 33%
Magic:  5/5        EV:  7    Int:  9 (10) God:    Okawaru [......]
Gold:   79         SH:  9    Dex: 12 (14) Spells: 4/4 levels left

rFire    . . .     SeeInvis +   a - +0 long sword (curse)
rCold    + + .     Gourm    .   c - +1 shield
rNeg     + + +     Faith    +   b - +0 scale mail
rPois    ∞         Spirit   .   k - +0 helmet
rElec    .         Reflect  .   (no cloak)
rCorr    .         Harm     .   (no gloves)
MR       .....                  (no boots)
Stlth    ++........             n - amulet of faith
HPRegen  0.00/turn              (no ring)
MPRegen  0.09/turn              (no ring)

@: bloodless
A: no food, fangs 3, see invisible, unbreathing
a: Bat Form, Revivify, Renounce Religion


You were on level 4 of the Dungeon.
You worshipped Okawaru.
Okawaru was noncommittal.
You were bloodless.

You visited 1 branch of the dungeon, and saw 4 of its levels.

You collected 79 gold pieces.

Inventory:

Hand Weapons
 a - a cursed +0 long sword (weapon)
Armour
 b - a +0 scale mail (worn)
 c - a +1 shield (worn)
 k - a +0 helmet (worn)
Jewellery
 n - an amulet of faith (around neck)
Wands
 p - a wand of polymorph (12)
 q - a wand of flame (26)
Scrolls
 e - a scroll of blinking
 g - 2 scrolls of teleportation
 h - a scroll of immolation {unknown}
 l - a scroll of remove curse {unknown}
 m - a scroll of random uselessness {unknown}
 o - a scroll of amnesia {unknown}
 r - a scroll of identify
Potions
 d - a potion of might
 f - 2 potions of curing
 i - 2 potions of degeneration {unknown}
 j - a potion of heal wounds {unknown}


   Skills:
 + Level 3.2 Fighting
 + Level 3.5 Long Blades
 + Level 3.1 Armour
 + Level 1.4 Dodging
 + Level 1.2 Stealth
 + Level 3.4 Shields


You had 4 spell levels left.
You didn't know any spells.
Your spell library was empty.

Dungeon Overview and Level Annotations

Branches:
Dungeon (4/15)
 Temple: D:4-7

Altars:
Cheibriados
Okawaru
Xom
Zin

Annotations:
D:4 Ijyb


Innate Abilities, Weirdness & Mutations

You do not eat.
You do not regenerate when monsters are visible.
You are frail without blood (-20% HP).
You can heal yourself when you bite living creatures.
You are immune to poison.
You have razor-sharp teeth.
You have supernaturally acute eyesight. (SInv)
You can survive without breathing.


Message History

a - a cursed +0 long sword (weapon)
You start resting.
The scorpion is too close now for your liking.
The scorpion stings you.
The scorpion stings you but does no damage.
You barely miss the scorpion. You bite the scorpion.
The scorpion is moderately wounded.
The scorpion stings you.
* * * LOW HITPOINT WARNING * * *
You barely miss the scorpion.
The scorpion is moderately wounded.
You block the scorpion's attack.
You closely miss the scorpion.
The scorpion is moderately wounded.
You block the scorpion's attack. The scorpion stings you.
* * * LOW HITPOINT WARNING * * *
You barely miss the scorpion. You bite the scorpion.
The scorpion is moderately wounded.
The scorpion stings you.
You die...

#...# ##. ### #...# .. ..#
#...# #. #.# #...# ##
#.##.##.# #...####.# #
#.......######...#....##.#
##.###.....................
...........................
#..............@........#
#.###..#####.#.s.#...####
#......# #.#...#.###
##.##### #.......# #.#
#.#...#)#
#.#########.#...#.#
#.##..%...........#
#.##.###.#..#...#.#
###.##.###.#..#####.#


You could see a scorpion.

Vanquished Creatures
  A hound (D:4)
  2 worker ants (D:4)
  Robin (D:1)
  A shadow imp (D:3)
  An adder skeleton (D:4)
  2 worms
  2 dart slugs
  2 leopard geckos (D:3)
  An orc (D:4)
  5 bats
  4 giant cockroaches (D:3)
  15 goblins
  10 hobgoblins
  5 jackals
  3 kobolds
  3 frilled lizards
  4 rats (D:3)
62 creatures vanquished.

Notes
Turn   | Place    | Note
-------+----------+-------------------------------------------
     0 | D:1      | Peloso the Vampire Fighter began the quest for the Orb.
     0 | D:1      | Reached XP level 1. HP: 17/17 MP: 1/1
   118 | D:1      | Reached XP level 2. HP: 10/18 MP: 2/2
   556 | D:2      | Noticed Robin
   800 | D:1      | Killed Robin
   800 | D:1      | Reached XP level 3. HP: 13/22 MP: 3/3
   957 | D:2      | Reached skill level 1 in Dodging
  1385 | D:2      | Found an iron altar of Okawaru.
  1405 | D:2      | Became a worshipper of Warmaster Okawaru
  1506 | D:2      | Found a glowing silver altar of Zin.
  1506 | D:2      | Found a shimmering altar of Xom.
  1506 | D:2      | You fall into a shaft and drop 1 floor!
  1649 | D:3      | Reached XP level 4. HP: 21/28 MP: 4/4
  2089 | D:2      | Found a snail-covered altar of Cheibriados.
  2687 | D:4      | Noticed Ijyb
  2693 | D:4      | Reached skill level 1 in Stealth
  2693 | D:4      | Reached XP level 5. HP: 8/32 MP: 5/5
  2804 | D:4      | HP: 1/32 [scorpion (4)]
  2805 | D:4      | Slain by a scorpion

Levels and vault maps discovered:
D:1:      lemuel_arrival_broad_hall, layout_basic, serial_bayou_lagoon_b
D:2:      layout_rooms, old_standard_altar, nicolae_overflow_hidden_temple,
          serial_curves, eino_curves_01, eino_curves_02, uniq_robin,
          uniq_terence, uniq_sigmund
D:3:      layout_basic
D:4:      layout_loops_cross, first_ration, led_sif_pool, uniq_natasha,
          uniq_pikel, uniq_ijyb

Skill      XL: |  1  2  3  4 |
---------------+-------------+-----
Shields        | 3 |  3.4
Dodging        | 1 |  1.4
Long Blades    | 3 |  3.5
Fighting       | 3 |  3.2
Armour         | 3 |  3.1
Stealth        | 1 |  1.2

Action                   |  1- 3 |  4- 6 || total
-------------------------+-------+-------++-------
Melee: Long sword        |   133 |    94 ||   227
       Bite              |    12 |    11 ||    23
 Abil: Exsanguinate      |     1 |       ||     1
       End Transformatio |       |     1 ||     1
       Bat Form          |       |     1 ||     1
  Use: Scroll            |     4 |       ||     4
       Potion            |       |     1 ||     1
 Stab: Sleeping          |     2 |     1 ||     3
Armor: Scale mail        |    96 |    51 ||   147
Dodge: Dodged            |    60 |    28 ||    88
Block: Shield            |    98 |    60 ||   158
       Rpst.: Long sword |    16 |     8 ||    24
